 Dungeon Crawl Stone Soup version 0.23.2-33-g5129a83184 (webtiles) character file.

Game seed: 152089374626308254

60 DildoBatman the Conjurer (level 4, -7/30 HPs)
             Began as a Formicid Wizard on July 6, 2019.
             Killed by nerve-wracking pain
             ... invoked by Jessica
              (11 damage)
             ... on level 2 of the Dungeon.
             The game lasted 00:04:24 (1529 turns).

DildoBatman the Conjurer (Formicid Wizard)          Turns: 1529, Time: 00:04:24

Health: -7/30      AC:  2    Str: 12    XL:     4   Next: 25%
Magic:  6/8        EV: 12    Int: 18    God:
Gold:   108        SH:  0    Dex:  9    Spells: 2/9 levels left

rFire    . . .     SeeInvis +   b - +0 dagger
rCold    . . .     Gourm    .   (no shield)
rNeg     . . .     Faith    .   a - +0 robe
rPois    .         Spirit   .   (helmet unavailable)
rElec    .         Reflect  .   (no cloak)
rCorr    .         Harm     .   (no gloves)
MR       .....                  (no boots)
Stlth    ++........             (no amulet)
HPRegen  0.10/turn              (no ring)
MPRegen  0.11/turn              (no ring)

@: no status effects
A: permanent stasis, dig shafts and tunnels, four strong arms, antennae 3
a: Dig, Shaft Self


You were on level 2 of the Dungeon.
You were not hungry.

You visited 1 branch of the dungeon, and saw 2 of its levels.

You collected 108 gold pieces.

Inventory:

Hand Weapons
 b - a +0 dagger (weapon)
Missiles
 d - 3 javelins (quivered)
 g - 43 sling bullets
 i - 108 stones
Armour
 a - a +0 robe (worn)
Scrolls
 e - a scroll of amnesia {unknown}
 h - a scroll of magic mapping {unknown}
 l - 2 scrolls of identify {unknown}
 m - a scroll of remove curse {unknown}
 o - a scroll of fear {unknown}
Potions
 f - 2 potions of curing {unknown}
 j - a potion of mutation {unknown}
 k - a potion of haste {unknown}
 n - 2 potions of berserk rage {unknown}
Comestibles
 c - 2 chunks of flesh
 v - 4 rations


   Skills:
 - Level 1.7 Dodging
 - Level 2.4 Stealth
 - Level 3.2 Spellcasting
 * Level 3.4 Conjurations
   Level 1.0 Summonings
   Level 0.8 Translocations


You had 2 spell levels left.
You knew the following spells:

 Your Spells              Type           Power        Failure   Level  Hunger
a - Conjure Flame         Conj/Fire      #.......     24%         3    ###....
c - Magic Dart            Conj           ###.         3%          1    None
e - Mephitic Cloud        Conj/Pois/Air  #.......     30%         3    ###....

Your spell library contained the following spells:

 Spells                   Type           Power        Failure   Level  Hunger
 Call Imp                 Summ           #.......     16%         2    ##.....
 Slow                     Hex            #.......     24%         2    ##.....
 Blink                    Tloc           Unusable     N/A         2    N/A

Dungeon Overview and Level Annotations

Branches:
Dungeon (2/15)

Altars:

Annotations:
D:1 Natasha
D:2 1 exclusion, Jessica


Innate Abilities, Weirdness & Mutations

You cannot be hasted, slowed, berserked, paralysed or teleported.
You can dig through walls and to a lower floor.
Your four strong arms can wield two-handed weapons with a shield.
You have a pair of large antennae on your head. (SInv)


Message History

The rat bites you.
You dig through the rock wall.
A goblin comes into view. It is wielding a +0 dagger.
You dig through the rock wall.
You hear a shout!
Jessica the Apprentice Sorceress comes into view.
You hear an angry hiss.
What are your orders? t - Shout!
Orders for allies: a - Attack new target. r - Retreat! s - Stop attacking. g - Guard the area. f - Follow me.
Anything else - Cancel.
You shout for attention!
Jessica shouts!
The goblin hits you with a +0 dagger.
You retract your mandibles.
Jessica gestures at you while chanting. Pain shoots through your body!
You die...

..##.........# #.#
..##.........#
####.#
..##########
#....# ........
#.#### ........
#.# ........ ##.#
...........####r.#
..............g#.#
...........##.#.@#
........ #.##.#
....... #. #.#
...... #. #@# ...
#. #.# {.. ..# ..
###


You could see Jessica, a goblin and a rat.

Vanquished Creatures
  A hound skeleton (D:2)
  An adder (D:2)
  3 worms (D:2)
  A leopard gecko (D:2)
  3 goblins
  7 hobgoblins
  3 jackals (D:2)
  2 kobolds (D:1)
  2 bats (D:1)
  2 frilled lizards (D:1)
  4 rats
29 creatures vanquished.

Notes
Turn   | Place    | Note
-------+----------+-------------------------------------------
     0 | D:1      | DildoBatman the Formicid Wizard began the quest for the
                  | Orb.
     0 | D:1      | Reached XP level 1. HP: 13/13 MP: 4/4
    16 | D:1      | Reached skill level 1 in Conjurations
   242 | D:1      | Reached XP level 2. HP: 15/19 MP: 3/6
   762 | D:2      | Noticed Natasha
  1000 | D:2      | Reached XP level 3. HP: 24/24 MP: 7/7
  1005 | D:2      | Learned a level 3 spell: Conjure Flame
  1009 | D:2      | Learned a level 3 spell: Mephitic Cloud
  1483 | D:2      | Reached XP level 4. HP: 2/30 MP: 1/8
  1527 | D:2      | Noticed Jessica
  1529 | D:2      | Killed from afar by Jessica

Skill      XL: |  1  2  3 |
---------------+----------+-----
Conjurations   | 1 2 3 |  3.4
Dodging        | |  1.7
Stealth        | |  2.4
Spellcasting   | |  3.2
Summonings     | |  1.0
Translocations | |  0.8

Action                   |  1- 3 |  4- 6 || total
-------------------------+-------+-------++-------
Melee: Dagger            |    11 |       ||    11
Throw: Javelin           |    15 |       ||    15
       Stone             |     2 |       ||     2
 Cast: Magic Dart        |    78 |       ||    78
 Abil: Dig               |       |     1 ||     1
  Eat: Chunk             |     2 |       ||     2
Armor: Robe              |     4 |       ||     4
Dodge: Dodged            |    13 |     1 ||    14
